 Dungeon Crawl Stone Soup version 0.19.1 (webtiles) character file.

43946 Peloso the Blocker (level 14, -1/97 HPs)
             Began as a Halfling Fighter on Dec 16, 2016.
             Was a Priest of Ashenzari.
             Slain by a 19-headed hydra (5 damage)
             ... on level 5 of the Lair of Beasts.
             The game lasted 01:08:22 (20167 turns).

Peloso the Blocker (Halfling Fighter)              Turns: 20167, Time: 01:08:22

Health: -1/97      AC: 19    Str: 21    XL:     14   Next: 63%
Magic:  0/15       EV: 12    Int:  6    God:    Ashenzari [***...]
Gold:   1178       SH: 15    Dex: 24    Spells: 0 memorised, 13 levels left

rFire  . . .     SeeInvis +     G - +8 demon blade "Leech" {vamp, rN+ AC-3 EV-3}
rCold  . . .     Gourm    .     j - +0 plate armour
rNeg   + . .     Faith    .     c - +0 shield
rPois  .         Spirit   +     y - +0 helmet
rElec  .         Reflect  .     d - +1 cloak
rCorr  .         Harm     .     R - +0 pair of gloves
MR     ++...                    F - +0 pair of boots
Stlth  ..........               m - amulet of guardian spirit
                                H - +4 ring of dexterity
                                o - ring of protection from magic

@: agile, very slightly contaminated, hasted, very quick
A: mutation resistance 1
a: Curse Item, Scrying, Renounce Religion


You were on level 5 of the Lair of Beasts.
You worshipped Ashenzari.
Ashenzari was most pleased with you.
You were near starving.

You visited 3 branches of the dungeon, and saw 18 of its levels.
You also visited: Labyrinth.

You collected 1178 gold pieces.

Inventory:

Hand Weapons
 G - the +8 demon blade "Leech" (weapon) {vamp, rN+ AC-3 EV-3}
   (You took it off a minotaur in a labyrinth)

   It inflicts no extra harm, but heals its wielder when it wounds a living foe.
   It affects your AC (-3).
   It affects your evasion (-3).
   It protects you from negative energy.
 P - the +1 falchion of Grontol {drain, rF+ Dex+4}
   (You found it on level 8 of the Dungeon)

   A truly terrible weapon, it drains the life of those it strikes.
   It affects your dexterity (+4).
   It protects you from fire.
Armour
 c - a +0 shield (worn)
 d - a +1 cloak (worn)
 j - a +0 plate armour (worn)
 y - a +0 helmet (worn)
 F - a +0 pair of boots (worn)
 R - a +0 pair of gloves (worn)
Jewellery
 m - an amulet of guardian spirit (around neck)
 o - a ring of protection from magic (left hand)
 r - an uncursed ring of stealth
 t - an uncursed amulet of magic regeneration
 v - an uncursed ring of protection from magic
 x - an uncursed ring of ice
 A - an uncursed ring of protection from cold
 H - a +4 ring of dexterity (right hand)
 V - a +2 ring of strength
Wands
 p - a wand of disintegration (7/24)
 D - a wand of acid (14/15)
 K - a wand of iceblast (9/15)
 W - a wand of heal wounds (5/9)
 Z - a wand of iceblast (9/15)
Scrolls
 a - a scroll of identify
 e - 18 scrolls of remove curse
 g - 7 scrolls of teleportation
 l - 4 scrolls of enchant weapon
 n - 2 scrolls of magic mapping
 q - 3 scrolls of fog
 s - 2 scrolls of fear
 E - 2 scrolls of amnesia
 I - a scroll of blinking
 J - a scroll of recharging
 N - a scroll of enchant armour
 T - 2 scrolls of holy word
Potions
 b - a potion of might
 z - a potion of experience
 B - 4 potions of curing
 C - 3 potions of brilliance
 L - 3 potions of heal wounds
 X - a potion of cure mutation
Books
 w - a book of Necromancy

   Spells                             Type                      Level
   a - Pain                           Necromancy                   1
   b - Animate Skeleton               Necromancy                   1
   c - Vampiric Draining              Necromancy                   3
   d - Regeneration                   Charms/Necromancy            3
   e - Animate Dead                   Necromancy                   4
   f - Control Undead                 Necromancy                   4
 M - a book of Geomancy

   Spells                             Type                      Level
   a - Sandblast                      Earth                        1
   b - Passwall                       Transmutation/Earth          2
   c - Stone Arrow                    Conjuration/Earth            3
   d - Petrify                        Transmutation/Earth          4
   e - Lee's Rapid Deconstruction     Earth                        5
 Y - a book of Dreams

   Spells                             Type                      Level
   a - Ensorcelled Hibernation        Hexes/Ice                    2
   b - Silence                        Hexes/Air                    5
   c - Darkness                       Hexes                        6
   d - Shadow Creatures               Summoning                    6
Comestibles
 f - 11 bread rations
 k - 13 slices of pizza
 u - 5 meat rations
 S - 31 fruits


   Skills:
 + Level 9.2 Fighting
 + Level 13.7 Long Blades
 + Level 12.2 Armour
 + Level 3.3 Dodging
 + Level 2.1 Stealth
 + Level 14.4 Shields
 + Level 2.3 Evocations


You had 13 spell levels left.
You didn't know any spells.

Dungeon Overview and Level Annotations

Branches:
Dungeon (12/15)            Temple (1/1) D:5            Lair (5/6) D:10
 Shoals (0/4) Lair:2        Snake (0/4) Lair:3
  Slime: Lair:5-6       Orc: D:9-12

Altars:
Ashenzari
Cheibriados
Dithmenos
Elyvilon
Fedhas
Gozag
Hepliaklqana
Kikubaaqudgha
Makhleb
Nemelex Xobeh
Okawaru
Qazlal
Ru
Sif Muna
Trog
Uskayaw
Vehumet
Xom
Yredelemnul
Zin
The Shining One

Shops:
D:4 *   D:7 :   D:8 :=[*

Annotations:
D:9 1 runed door


Innate Abilities, Weirdness & Mutations

You are small and have problems with some larger weapons.
You are somewhat resistant to further mutation.


Message History

The 20-headed hydra bites you but does no damage. x3
You hit the 20-headed hydra.
You feel better.
The 20-headed hydra is severely wounded.
You chop one of the 20-headed hydra's heads off!
You slice the 19-headed hydra!!
You feel better.
The 19-headed hydra is almost dead.
The 19-headed hydra bites you but does no damage.
The 19-headed hydra misses you.
You block the 19-headed hydra's attack. x2
The 19-headed hydra misses you. The 19-headed hydra bites you!
* * * LOW HITPOINT WARNING * * *
The 19-headed hydra bites you.
* * * LOW HITPOINT WARNING * * *
The 19-headed hydra bites you but does no damage.
The 19-headed hydra misses you. The 19-headed hydra barely misses you.
The 19-headed hydra bites you.
* * * LOW HITPOINT WARNING * * *
You block the 19-headed hydra's attack. x2
The 19-headed hydra bites you but does no damage. x4
The 19-headed hydra bites you.
You die... .......PP............#..#... .# .#.#....P.##....P..........# *.. ###......###......P.#......# ,. # #..#...##P.#....#...)..... .. #...#..#.P..............#., ... ##......................... ... #....P....##.....P.#.P...P. ,PPP

##....P....PP...........##
P..
##.......P....@......>..#
#..
#P.......#.#.D.P....P.....
..
##.....######...#.##.PP...
. ##...PP## ##(#..#,##..##
#P....## #.#...# *.#..
###....# #....... . . ,
#....# #...#... , .* ,
##....# #.#..P..#, *,
#P..### , ,, , #


You could see a 19-headed hydra.

Vanquished Creatures
  A minotaur (Lab)
  4 hydras
  A centaur warrior (D:11)
  12 death yaks
  A flayed ghost (D:11)
  2 hill giants
  A manticore (D:11)
  A cyclops (D:10)
  A black mamba (shapeshifter) (D:9)
  A black mamba (Lair:4)
  9 elephants
  11 spiny frogs
  6 komodo dragons
  A polar bear (Lair:5)
  A hornet (Lair:4)
  6 hippogriffs
  10 blink frogs
  14 dream sheep (Lair:5)
  The ghost of smzp the Gusty, an amateur TeAE (D:4)
  A spriggan (Lair:4)
  4 basilisks
  A wraith (D:10)
  A human (D:8)
  3 hungry ghosts
  28 yaks
  A steam dragon (D:10)
  A vampire mosquito (D:11)
  3 hogs (D:8)
  8 porcupines
  3 nagas (Lair:3)
  Duvessa (D:6)
  8 water moccasins
  8 orc warriors
  3 sky beasts
  2 black bears
  A phantom (D:10)
  2 ice beasts
  11 centaurs
  5 ogres
  9 wolves
  3 big kobolds
  Blork the orc (D:6)
  10 crocodiles
  16 bullfrogs
  Dowan (D:6)
  A scorpion (D:4)
  5 killer bees
  2 howler monkeys (D:10)
  3 bullfrog zombies
  2 centaur zombies
  A quasit (D:8)
  4 crimson imps
  5 hounds
  3 jellies
  4 orc priests
  A gnoll shaman (D:6)
  16 orc wizards
  2 bullfrog skeletons
  2 centaur skeletons (D:10)
  An iguana (D:6)
  10 worker ants
  2 hound skeletons
  2 worker ant zombies
  17 gnolls
  9 adders
  A shadow imp (D:8)
  2 oozes
  4 worms
  2 dart slugs
  5 leopard geckos
  38 orcs
  5 giant cockroaches
  10 goblins
  6 hobgoblins
  4 quokkas
  4 ball pythons
  6 bats
  2 frilled lizards
  A giant cockroach zombie (D:5)
  A jackal skeleton (D:7)
  14 kobolds
  A kobold skeleton (D:9)
  A leopard gecko skeleton (D:7)
  A leopard gecko zombie (D:5)
  2 quokka skeletons
  8 rats
429 creatures vanquished.

Vanquished Creatures (others)
  A bullfrog (D:11)
  2 bushes (Lair:5)
  20 fungi
  6 plants
29 creatures vanquished.

Grand Total: 458 creatures vanquished

Notes
Turn   | Place    | Note
-------+----------+-------------------------------------------
     0 | D:1      | Peloso the Halfling Fighter began the quest for the Orb.
     0 | D:1      | Reached XP level 1. HP: 15/15 MP: 1/1
   120 | D:1      | Reached XP level 2. HP: 20/20 MP: 2/2
   319 | D:1      | Reached XP level 3. HP: 24/25 MP: 0/3
  1015 | D:3      | Reached XP level 4. HP: 17/30 MP: 2/4
  1049 | D:3      | HP: 1/30 [poisoned by a worker ant]
  1537 | D:3      | Reached XP level 5. HP: 23/36 MP: 2/5
  1583 | D:3      | Reached skill level 4 in Shields
  2174 | D:3      | Found a glowing silver altar of Zin.
  2244 | D:4      | Noticed smzp's ghost (amateur TeAE)
  2262 | D:4      | Killed smzp's ghost
  2262 | D:4      | Reached skill level 5 in Armour
  2262 | D:4      | Reached XP level 6. HP: 26/42 MP: 4/6
  2444 | D:4      | Reached XP level 7. HP: 39/46 MP: 7/7
  2592 | D:4      | Found Hoprubb's General Store.
  2857 | D:4      | Got a crude rapier
  2858 | D:4      | Identified the +7 rapier "Coekhept" {pierce, rPois MP+9 Str-3 Stlth+} (You found it on level 4 of the Dungeon)
  2892 | D:4      | Reached skill level 5 in Long Blades
  2925 | D:4      | HP: 2/46 [poisoned by a scorpion]
  3648 | D:5      | Entered Level 5 of the Dungeon
  3666 | D:5      | Reached skill level 5 in Shields
  3679 | D:5      | Got a transparent hand crossbow
  3680 | D:5      | Identified the +11 hand crossbow "Vuosal" {speed, Dex+4 Stlth+} (You found it on level 5 of the Dungeon)
  3811 | D:5      | Found a staircase to the Ecumenical Temple.
  3825 | Temple   | Entered the Ecumenical Temple
  4342 | D:5      | Reached XP level 8. HP: 54/54 MP: 8/8
  4624 | D:6      | Reached skill level 1 in Dodging
  4849 | D:6      | Noticed Duvessa
  4852 | D:6      | Noticed Dowan
  4853 | D:6      | Noticed Blork the orc
  4868 | D:6      | Killed Dowan
  4901 | D:6      | Killed Duvessa
  4910 | D:6      | HP: 1/54 [something/puff of flame (6)]
  4917 | D:6      | Killed Blork the orc
  5182 | D:5      | HP: 2/54 [sky beast (5)]
  5477 | D:5      | Reached XP level 9. HP: 48/59 MP: 5/9
  5655 | D:6      | Reached skill level 6 in Shields
  6142 | D:6      | Reached skill level 1 in Stealth
  6266 | D:6      | Found a hide-covered altar of Uskayaw.
  6740 | D:7      | Noticed a hippogriff
  6751 | D:7      | Killed a hippogriff
  6751 | D:7      | Reached skill level 5 in Fighting
  6800 | D:7      | Noticed a hippogriff
  6811 | D:7      | Killed a hippogriff
  6961 | D:7      | Found Unluimu's Book Shoppe.
  6993 | D:7      | Reached skill level 7 in Shields
  7234 | D:8      | Reached XP level 10. HP: 18/66 MP: 2/10
  7525 | D:8      | Found a snail-covered altar of Cheibriados.
  7620 | D:8      | Found Niomig's Book Boutique.
  7654 | D:8      | Found Guca Rarr's Assorted Antiques.
  7707 | D:8      | Found Ticih's Antique Armour Shoppe.
  7942 | D:8      | Found a glowing golden altar of the Shining One.
  7943 | D:8      | Found a basalt altar of Yredelemnul.
  7943 | D:8      | Found a sacrificial altar of Ru.
  7945 | D:8      | Found a shattered altar of Ashenzari.
  7945 | D:8      | Found a sparkling altar of Nemelex Xobeh.
  7947 | D:8      | Found an opulent altar of Gozag.
  7947 | D:8      | Found a white marble altar of Elyvilon.
  7986 | D:8      | Became a worshipper of Ashenzari the Shackled
  8252 | D:8      | Found Ahaiwn's Jewellery Emporium.
  8288 | D:8      | Got the cursed falchion of Grontol {drain, rF+ Dex+4}
  8289 | D:8      | Identified the cursed +1 falchion of Grontol {drain, rF+ Dex+4} (You found it on level 8 of the Dungeon)
  8346 | D:8      | Reached skill level 8 in Shields
  8511 | D:9      | Found a shimmering altar of Xom.
  8599 | D:9      | Found a runed door.
  8776 | D:9      | Found a basalt altar of Yredelemnul.
  8987 | D:9      | Noticed a black mamba
  8992 | D:9      | Killed a black mamba
  9494 | D:9      | Found a deep blue altar of Sif Muna.
  9612 | D:10     | Entered Level 10 of the Dungeon
  9674 | D:10     | Reached XP level 11. HP: 68/72 MP: 9/11
  9715 | D:10     | Reached skill level 10 in Long Blades
  9717 | D:10     | Reached * piety under Ashenzari
  9752 | D:10     | Found a staircase to the Lair.
  9847 | D:10     | Reached skill level 9 in Shields
 10083 | D:10     | Noticed a hill giant
 10111 | D:10     | Killed a hill giant
 10531 | D:11     | Noticed a cyclops
 10792 | D:10     | Killed a cyclops
 10864 | D:11     | Reached skill level 10 in Shields
 10892 | D:11     | Noticed a hill giant
 10905 | D:11     | Killed a hill giant
 11243 | D:11     | Found a runed door.
 11257 | D:11     | Noticed a flayed ghost
 11257 | D:11     | Noticed a centaur warrior
 11272 | D:11     | Killed a flayed ghost
 11282 | D:11     | Killed a centaur warrior
 11410 | D:11     | Noticed a manticore
 11451 | D:11     | Killed a manticore
 11798 | D:12     | Noticed a skeletal warrior
 11798 | D:12     | Noticed a skeletal warrior
 11798 | D:12     | Noticed a skeletal warrior
 11810 | D:11     | Reached XP level 12. HP: 59/80 MP: 9/12
 11857 | Lair:1   | Entered Level 1 of the Lair of Beasts
 12320 | Lair:1   | Noticed a four-headed hydra
 12354 | Lair:1   | Killed a four-headed hydra
 12354 | Lair:1   | Reached skill level 10 in Armour
 12354 | Lair:1   | Reached skill level 11 in Shields
 12354 | Lair:1   | Reached skill level 1 in Evocations
 13108 | Lair:1   | Reached ** piety under Ashenzari
 13118 | Lair:1   | Noticed an eight-headed hydra
 13128 | Lair:1   | Killed an eight-headed hydra
 13450 | Lair:2   | Found a staircase to the Shoals.
 13759 | Lair:2   | Noticed a six-headed hydra
 13766 | Lair:2   | Killed a six-headed hydra
 13766 | Lair:2   | Reached skill level 12 in Shields
 14072 | Lair:2   | Noticed a six-headed hydra
 14348 | Lair:2   | Killed a six-headed hydra
 14348 | Lair:2   | Reached XP level 13. HP: 68/86 MP: 10/14
 15693 | Lair:3   | Reached skill level 13 in Shields
 16640 | Lair:3   | Found a staircase to the Snake Pit.
 17085 | Lair:4   | Reached XP level 14. HP: 89/95 MP: 15/15
 18325 | Lair:5   | Reached skill level 14 in Shields
 18326 | Lair:5   | Reached *** piety under Ashenzari
 18331 | Lair:5   | Found a labyrinth entrance.
 18347 | Lab      | Entered a labyrinth
 20165 | Lair:5   | HP: 2/97 [20-headed hydra (4)]
 20167 | Lair:5   | Slain by a 19-headed hydra

Skill      XL: |  1  2  3  4  5  6  7  8  9 10 11 12 13 14 |
---------------+-------------------------------------------+-----
Armour         | 4 5 6 7 9 10 11 12 | 12.2
Long Blades    | 3 4 5 6 8 9 11 12 13 | 13.7
Fighting       | 3 4 5 6 7 8 9 |  9.2
Shields        | 4 5 7 8 10 12 13 14 | 14.4
Dodging        | 1 2 3 |  3.3
Stealth        | 1 2 |  2.1
Evocations     | 2 |  2.3

Action                   |  1- 3 |  4- 6 |  7- 9 | 10-12 | 13-15 || total
-------------------------+-------+-------+-------+-------+-------++-------
Melee: Long sword        |    74 |   129 |   607 |   127 |       ||   937
       Falchion          |       |       |       |  1013 |  1067 ||  2080
       Demon blade       |       |       |       |       |    34 ||    34
Invok: Scrying           |       |       |       |     2 |       ||     2
Evoke: Wand              |       |       |     3 |    32 |     2 ||    37
  Use: Scroll            |     3 |       |     7 |    13 |     9 ||    32
       Potion            |       |       |     4 |     2 |     2 ||     8
  Eat: Chunk             |       |     5 |    18 |    28 |    15 ||    66
       Beef jerky        |       |       |     1 |       |     4 ||     5
       Fruit             |       |       |     3 |       |     4 ||     7
       Pizza             |       |       |     1 |       |       ||     1
Armor: Scale mail        |    27 |       |       |       |       ||    27
       Plate armour      |       |    75 |   304 |   522 |   416 ||  1317
Dodge: Dodged            |    44 |    28 |   141 |   303 |   273 ||   789
Block: Shield            |    41 |    71 |   332 |   774 |   637 ||  1855
       Rpst.: Long sword |    14 |     6 |    31 |    11 |       ||    62
       Falchion          |       |       |       |    78 |    52 ||   130
       Demon blade       |       |       |       |       |     1 ||     1
